Map: Ulrena

Players

Miltreta - Winner!

  • Race: Terran Terran
  • League: Bronze

Index

  • Race: Zerg Zerg
  • League: Bronze

VOD

Have the link to the VOD?

Description

Time

  • Played on: March 14, 2016, 9:31 a.m.
  • Length: 9:54
Show
View Real Time Build Order
Export as new Build Order

Miltreta Terran - Winner!

Build Orders: MMM Bio 

Get SALT Encoding   

  12  0:00  SCV  
  13  0:16  Supply Depot  
  13  0:18  SCV  
  14  0:31  SCV  
  15  0:40  Barracks  
  15  0:45  Refinery, SCV  
  16  0:58  SCV  
  17  1:12  SCV  
  18  1:29  Marine  
  19  1:40  SCV  
  20  1:51  Marine  
  21  1:55  Orbital Command  
  21  2:07  Supply Depot  
  21  2:13  Command Center  
  21  2:24  Barracks Tech Lab  
  21  2:33  SCV  
  21  2:34  Factory  
  22  2:45  Engineering Bay  
  22  2:47  SCV  
  23  2:56  Engineering Bay  
  23  3:01  Stimpack  
  23  3:03  Marauder  
  25  3:15  SCV  
  25  3:19  Refinery  
  26  3:24  Marauder  
  26  3:25  Hellion  
  30  3:48  Factory Tech Lab  
  30  3:53  Starport  
  30  4:02  Barracks x2  
  30  4:03  Barracks  
  30  4:05  SCV  
  30  4:06  SCV  
  32  4:18  Marauder  
  32  4:23  Siege Tank  
  37  4:30  Orbital Command  
  37  4:43  Marauder  
  39  5:18  SCV x2  
  41  5:25  Supply Depot  
  41  5:30  Barracks Reactor  
  41  5:32  Barracks Tech Lab  
  41  5:43  Barracks Tech Lab, SCV x2  
  41  5:45  Terran Infantry Weapons Level 1, Terran Infantry Armor Level 1  
  41  5:49  Marauder  
  45  5:55  Marauder  
  47  5:58  Siege Tank  
  47  6:03  SCV  
  47  6:04  SCV, Supply Depot  
  52  6:08  Refinery  
  52  6:14  Starport Reactor  
  52  6:15  SCV  
  52  6:16  SCV  
  54  6:25  Marine x2  
  56  6:48  Marine x2  
  60  6:54  Marauder x2  
  60  6:55  Marauder  
  60  6:57  Hellion  
  60  6:58  Medivac x2  
  70  7:02  Combat Shields  
  70  7:16  SCV x2  
  72  7:27  Marine x2  
  72  7:29  Marauder x2  
  78  7:39  Supply Depot  
  78  7:44  Supply Depot  
  78  8:00  SCV x2  
  78  8:01  Marauder x3  
  86  8:06  Siege Tank  
  89  8:25  Supply Depot  
  89  8:28  SCV  
  89  8:29  SCV  
  91  8:34  Marine x2  
  93  8:42  Marauder x3  
Show
View Real Time Build Order
Export as new Build Order

Index Zerg 

Build Orders: Hatch First 

Get SALT Encoding   

  12  0:37  Hatchery  
  11  0:48  Spawning Pool  
  11  0:49  Drone  
  11  0:55  Drone  
  12  1:05  Overlord  
  12  1:10  Drone  
  13  1:16  Drone  
  14  1:22  Extractor  
  14  1:23  Drone  
  14  1:36  Zergling x2  
  15  1:50  Zergling x2  
  15  1:51  Queen  
  18  1:55  Drone  
  19  2:04  Drone  
  19  2:08  Queen  
  20  2:14  Drone  
  23  2:17  Zergling x2  
  23  2:20  Zergling x2  
  25  2:30  Overlord  
  25  2:32  Drone  
  26  2:48  Lair  
  26  2:57  Drone x2  
  26  2:58  Drone  
  29  3:13  Drone  
  29  3:17  Spine Crawler  
  29  3:22  Zergling x2  
  29  3:24  Drone x2  
  29  3:26  Drone  
  33  3:27  Drone x2  
  35  3:34  Extractor  
  35  3:35  Overlord  
  34  3:56  Zergling x6  
  34  3:59  Spine Crawler  
  36  4:05  Overseer  
  36  4:14  Hydralisk Den  
  35  4:19  Infestation Pit  
  34  4:26  Spine Crawler  
  33  4:48  Hydralisk x2  
  37  4:53  Drone x3  
  40  5:19  Drone x2  
  40  5:20  Drone x2  
  44  5:21  Overlord x3  
  44  5:35  Spore Crawler x2  
  42  5:45  Evolution Chamber  
  42  5:49  Drone x2  
  43  5:54  Extractor  
  42  5:59  Extractor  
  41  6:13  Spore Crawler  
  40  6:28  Hydralisk x2  
  40  6:29  Hydralisk x2  
  48  6:36  Drone x2  
  48  6:37  Drone  
  51  6:41  Drone x3  
  55  7:08  Drone x2  
  55  7:09  Drone x3  
  55  7:14  Hydralisk x4  
  67  7:18  Hive  
  67  7:26  Hatchery  
  66  7:49  Hydralisk  
  66  7:51  Overlord x2  
  68  7:58  Overlord x3  
  68  8:23  Drone x3  
  71  8:36  Hydralisk  
  73  8:45  Overseer  
  73  8:47  Overseer  
  73  8:50  Hydralisk x4  
  73  8:51  Hydralisk x2  
  85  9:07  Zergling x4  
  85  9:08  Zergling x4  
Tags
 
Composition
MMM Bio
Matchup
TvZ
Add a new tag
Caveats
  • Supply blocks, unpowered buildings, or Contaminate may cause inaccurate times.
  • Supply counts are checked every 10 seconds.